Map: Temple gelé

Players

Nilou - Winner!

  • Race: Terran Terran
  • League: Diamond

Jojoh

  • Race: Zerg Zerg
  • League: Diamond

VOD

Have the link to the VOD?

Description

Time

  • Played on: May 17, 2016, 5:24 p.m.
  • Length: 22:47
Show
View Real Time Build Order
Export as new Build Order

Nilou Terran - Winner!

Build Orders: MMM Bio 

Get SALT Encoding   

  12  0:01  SCV  
  13  0:13  SCV  
  14  0:18  Supply Depot  
  14  0:25  SCV  
  15  0:33  Refinery  
  15  0:41  Barracks  
  15  0:44  SCV  
  16  0:51  Refinery  
  16  0:56  SCV  
  17  1:09  SCV  
  18  1:21  SCV  
  19  1:30  Factory  
  19  1:33  SCV  
  19  1:34  Barracks Reactor  
  20  1:45  SCV  
  21  1:52  Ghost Academy  
  21  2:02  Orbital Command  
  21  2:22  Barracks Tech Lab  
  21  2:26  Hellion  
  23  2:39  Supply Depot  
  23  2:53  Supply Depot  
  23  3:00  Ghost  
  23  3:01  Hellion x2  
  29  3:09  Armory  
  29  3:17  SCV  
  30  3:26  Hellion x2  
  34  3:29  SCV  
  37  3:41  SCV  
  36  3:49  Starport  
  36  3:54  Stimpack  
  36  3:57  Barracks  
  36  3:58  Factory Tech Lab  
  36  4:16  Command Center  
  36  4:23  SCV  
  37  4:32  Supply Depot  
  37  4:33  Hellion x3  
  37  4:41  Viking  
  39  4:53  Marine  
  39  4:54  SCV, Siege Tank  
  44  5:06  SCV  
  45  5:07  Engineering Bay  
  45  5:15  Marine x2  
  47  5:28  Marine  
  48  5:33  Medivac, Siege Tank  
  48  5:35  Orbital Command  
  53  5:36  SCV  
  54  5:46  Marine x2  
  54  5:49  SCV  
  58  5:55  Marauder  
  59  6:01  SCV, Barracks  
  59  6:03  Barracks  
  60  6:06  Marine x2  
  62  6:34  Medivac  
  62  6:38  Siege Tank  
  62  6:43  SCV x2  
  62  6:55  Supply Depot  
  62  7:00  Barracks Reactor  
  62  7:16  Marine x2, Medivac  
  62  7:17  SCV, Marauder  
  62  7:18  SCV  
  70  7:22  Bunker  
  70  7:23  Supply Depot  
  70  7:24  Barracks Reactor  
  70  7:34  Supply Depot  
  70  7:36  Command Center  
  70  7:38  Combat Shields  
  70  7:44  SCV x2  
  72  7:52  Marine x3  
  72  7:53  Marauder  
  72  7:56  SCV  
  78  7:58  Terran Infantry Weapons Level 1  
  78  7:59  Barracks  
  78  8:00  Engineering Bay, Barracks x2  
  78  8:04  Marine x2  
  78  8:05  Siege Tank  
  83  8:06  Starport Reactor  
  66  8:31  Marine x3  
  66  8:32  Marine x3, Marauder  
  74  8:38  Supply Depot  
  74  8:41  Supply Depot  
  74  8:43  Siege Tank  
  74  8:47  Refinery x2  
  74  8:48  Orbital Command, SCV x2  
  79  8:57  Supply Depot  
  79  9:02  Barracks Tech Lab, Barracks Reactor x2  
  79  9:04  Marine x3  
  84  9:24  Marine x5, Marauder x2  
  84  9:25  Medivac  
  84  9:26  SCV x2  
  95  9:42  Marine x4  
  101  9:46  Marauder x2  
  103  9:56  Marine x4  
  103  9:57  Missile Turret x2  
  103  9:59  Missile Turret  
  102  10:00  Marine  
  102  10:04  Missile Turret  
  103  10:13  Liberator x2  
  101  10:17  Marine  
  101  10:18  Marine x5  
  101  10:19  Marine x4  
  117  10:37  Orbital Command  
  117  10:40  Marine x2  
  117  10:41  Marine x2, Marauder x2  
  125  10:46  Supply Depot  
  125  10:59  Terran Infantry Armor Level 1  
  125  11:06  SCV, Terran Infantry Weapons Level 2  
  125  11:07  Liberator x2  
  125  11:08  Marine, Refinery, Marauder, SCV  
  133  11:26  Missile Turret  
  133  11:27  Missile Turret  
  133  11:28  Missile Turret  
  133  11:39  Marine  
  133  11:41  Marine  
  133  11:45  Marauder  
  132  11:49  Liberator  
  132  11:50  Liberator  
  129  11:56  Marine x2, Marauder  
  129  12:01  Marine x2  
  133  12:07  Missile Turret, Marauder  
  143  12:10  Supply Depot  
  143  12:23  Supply Depot  
  143  12:29  Missile Turret  
  143  12:32  Marine x8  
  143  12:35  Marauder  
  138  13:10  Marine  
  138  13:11  Marine x2, Marauder x2  
  103  13:17  Marine x3  
  99  13:20  Marine  
  99  13:21  Marine x2  
  95  13:30  Marine x2  
  95  13:31  Marine  
  95  13:32  Marauder x2  
  86  13:42  Medivac x2  
  86  13:43  Marine  
  86  13:44  Marine x6  
  86  13:48  Marine x2  
  95  13:54  Marauder x2  
  101  13:57  Marine  
  99  14:05  Missile Turret  
  99  14:06  SCV x2, Starport  
  101  14:12  Medivac x2  
  101  14:15  Marauder x2  
  101  14:16  Marine x6  
  112  14:42  Medivac  
  114  14:50  Starport Reactor  
  112  14:59  Marine x6, Marauder x2  
  117  15:00  Marine x4  
  126  15:09  Siege Tank  
  129  15:17  Marine  
  129  15:21  Marauder  
  132  15:22  Medivac x2  
  132  15:27  Command Center  
  133  15:36  Liberator x2  
  127  15:48  Marine x3, Marauder  
  127  15:49  Marauder  
  111  15:53  Medivac x2  
  119  16:10  Marauder x2  
  123  16:23  Marine x3  
  125  16:29  Marine  
  125  16:30  Marine x3  
  125  16:31  Marauder x2  
  118  16:37  Terran Infantry Armor Level 2  
  118  16:43  Missile Turret  
  118  16:52  Marine x2  
  118  16:53  Marauder x2  
  94  16:56  Marine x2  
  91  17:03  Marine  
  91  17:04  Marine x3  
  91  17:07  Medivac  
  97  17:11  Liberator  
  97  17:14  Marauder  
  98  17:24  Liberator x2  
  98  17:27  Marine x2  
  98  17:28  Marine x5, Marauder  
  103  17:35  Marauder  
  105  17:40  Marine  
  105  17:42  Planetary Fortress, Medivac  
  114  17:58  Marine x4, Marauder x2  
  118  17:59  Marine x2  
  123  18:29  Terran Infantry Weapons Level 3  
  123  18:31  Marine x5, Marauder x2  
  123  18:32  Marine x2  
  131  18:44  Marine x3  
  134  18:49  Marine x2  
  134  18:53  Marauder  
  138  18:58  Liberator x2  
  138  19:05  Marine x6, Marauder  
  146  19:11  Terran Infantry Armor Level 3  
  146  19:13  Marine x4, Refinery  
  146  19:14  Marauder  
  146  19:15  Refinery, Medivac x2  
  162  19:25  Marine x4  
  166  19:37  Supply Depot x2  
  127  20:09  Marine x6, Marauder x2  
  134  20:24  Marine x3  
  134  20:31  Marauder x2  
  133  20:43  Marine x2  
  133  20:44  Marine x3  
  124  20:52  Marauder  
  124  21:09  Marine  
  124  21:10  Marine x3  
  124  21:11  Orbital Command  
  128  21:21  Medivac  
  130  21:38  Ghost  
  132  21:44  Marine  
  125  22:14  Ghost, Marine  
  125  22:15  Marine x2  
Show
View Real Time Build Order
Export as new Build Order

Jojoh Zerg 

Build Orders: Hatch First, Muta Ling Bane 

Get SALT Encoding   

  12  0:01  Drone  
  13  0:08  Drone  
  14  0:17  Overlord  
  14  0:25  Extractor  
  14  0:26  Drone  
  15  0:35  Drone  
  15  0:36  Drone  
  17  0:44  Drone  
  18  0:57  Hatchery  
  17  1:00  Drone  
  17  1:03  Extractor  
  17  1:07  Drone  
  18  1:18  Spawning Pool  
  18  1:21  Drone  
  18  1:28  Drone  
  19  1:55  Drone x2  
  19  2:00  Overlord  
  21  2:05  Metabolic Boost  
  21  2:08  Queen x2  
  23  2:11  Zergling x2  
  23  2:12  Zergling x2  
  27  2:20  Drone  
  27  2:21  Drone  
  29  2:31  Drone  
  29  2:32  Drone  
  31  2:48  Spine Crawler  
  30  2:53  Hatchery  
  29  3:02  Evolution Chamber  
  29  3:05  Overlord  
  28  3:07  Drone x2, Evolution Chamber  
  28  3:12  Drone  
  30  3:23  Drone x3  
  30  3:24  Drone x2  
  35  3:33  Roach Warren  
  34  3:37  Drone x2  
  36  3:45  Drone x2  
  38  3:52  Drone  
  38  3:54  Lair  
  39  3:58  Zerg Ground Armor Level 1  
  39  4:00  Drone  
  39  4:01  Drone  
  41  4:09  Drone x3  
  44  4:12  Extractor  
  44  4:13  Extractor  
  44  4:14  Drone  
  44  4:22  Roach x3  
  49  4:27  Drone  
  49  4:28  Overlord x2  
  50  4:46  Drone x3  
  50  4:48  Roach  
  50  4:49  Roach x2  
  59  5:05  Overlord x4  
  59  5:09  Glial Reconstitution  
  59  5:12  Extractor  
  59  5:13  Drone x2  
  60  5:24  Roach x2  
  60  5:25  Roach x2  
  68  5:34  Roach x2  
  68  5:35  Roach x3  
  78  5:39  Roach x3  
  84  5:44  Overlord  
  84  5:55  Overlord x2  
  84  6:02  Roach  
  84  6:03  Roach x3  
  92  6:10  Overlord x3  
  92  6:15  Roach x2  
  96  6:21  Overlord  
  96  6:29  Roach  
  62  6:49  Baneling Nest  
  62  6:52  Zergling x2  
  62  6:53  Zergling x10  
  65  6:56  Hatchery  
  64  7:02  Zergling x2  
  64  7:03  Zergling x2  
  64  7:05  Queen  
  68  7:12  Zerg Melee Weapons Level 1  
  68  7:13  Zerg Ground Armor Level 2  
  68  7:19  Spire  
  68  7:21  Overseer  
  67  7:24  Zergling x2  
  67  7:25  Zergling x12  
  74  7:35  Centrifical Hooks  
  74  7:56  Zergling x2  
  74  7:57  Zergling x20  
  85  8:00  Baneling  
  85  8:01  Baneling x8  
  67  8:27  Drone  
  67  8:28  Drone x8  
  76  8:37  Zerg Flyer Weapons Level 1  
  76  8:38  Queen  
  78  8:41  Drone  
  78  8:42  Drone x4  
  78  8:43  Drone  
  78  8:44  Drone  
  85  8:50  Baneling  
  85  8:51  Baneling x4  
  85  8:56  Drone x2  
  85  9:00  Extractor x2  
  85  9:13  Queen  
  78  9:26  Mutalisk x5  
  78  9:27  Mutalisk x4  
  91  10:00  Mutalisk x4  
  91  10:05  Drone  
  91  10:06  Drone x4  
  91  10:07  Drone x3  
  105  10:08  Queen  
  107  10:32  Zergling x2  
  107  10:33  Zergling x12  
  112  10:36  Baneling  
  112  10:37  Baneling x11  
  112  10:58  Zergling x14  
  112  10:59  Zergling x4  
  121  11:06  Hatchery  
  120  11:24  Zergling x2  
  121  11:26  Overlord  
  121  11:27  Overlord x7  
  117  11:58  Infestation Pit  
  116  12:03  Mutalisk  
  116  12:04  Mutalisk x11  
  140  12:26  Drone  
  140  12:27  Drone  
  140  12:28  Drone x2, Overlord x3  
  144  12:30  Overseer  
  144  12:35  Hive  
  144  12:36  Pneumatized Carapace  
  144  12:38  Zergling x16  
  144  12:41  Baneling x11  
  144  12:42  Baneling  
  103  13:15  Mutalisk  
  103  13:16  Zergling x2  
  103  13:17  Zergling x34  
  97  13:46  Extractor  
  97  13:48  Drone x3  
  98  13:49  Drone  
  98  13:50  Drone x6  
  106  14:04  Zergling x2  
  106  14:05  Zergling x16  
  106  14:07  Baneling x8  
  106  14:08  Baneling x16  
  115  14:10  Extractor  
  115  14:12  Extractor  
  113  14:20  Drone  
  113  14:21  Drone  
  99  14:35  Mutalisk  
  99  14:36  Mutalisk x6  
  110  14:53  Zergling x26  
  110  14:54  Zergling x2  
  124  15:08  Mutalisk x6  
  100  15:51  Zergling x2  
  100  15:52  Zergling x36  
  100  15:53  Zergling x4  
  110  16:10  Baneling x11  
  107  16:14  Baneling x6  
  107  16:20  Ultralisk Cavern  
  93  16:38  Extractor  
  91  16:43  Zergling x10  
  91  16:44  Zergling x8  
  92  17:03  Mutalisk x3  
  92  17:05  Queen  
  100  17:29  Hatchery  
  89  17:40  Zergling x2  
  89  17:41  Zergling x18  
  99  17:46  Chitinous Plating  
  99  17:49  Ultralisk x3  
  99  17:51  Zergling x4  
  117  18:28  Zergling x2  
  117  18:29  Zergling x24  
  117  18:31  Baneling x4  
  117  18:32  Baneling x9  
  130  18:48  Zergling x16  
  137  18:50  Queen  
  137  18:51  Drone x2  
  142  19:04  Drone, Extractor  
  142  19:05  Drone x3, Extractor  
  142  19:06  Drone x2  
  146  19:16  Zergling x2  
  146  19:17  Zergling x10  
  151  19:20  Baneling x4  
  101  20:07  Zergling x8  
  101  20:08  Zergling x30  
  92  20:36  Zergling x2  
  92  20:37  Zergling x2  
  92  20:38  Ultralisk x2, Zergling x2  
  92  20:39  Zergling x6  
  110  21:02  Baneling  
  110  21:03  Baneling x4  
  110  21:21  Hatchery  
  82  22:23  Zergling x2  
  82  22:24  Zergling x12  
  82  22:25  Zergling x12  
Tags
 
Add a new tag
Caveats
  • Supply blocks, unpowered buildings, or Contaminate may cause inaccurate times.
  • Supply counts are checked every 10 seconds.